 Dungeon Crawl Stone Soup version 0.26-a0-1147-g3780a7a11b (webtiles) character file.

Game seed: 4343309136480121991

72 loralnil the Insei (level 4, -2/34 HPs)
             Began as a Gnoll Transmuter on Dec 22, 2020.
             Blown up by Ijyb (20 damage)
             ... with a disintegration bolt
             ... on level 3 of the Dungeon.
             The game lasted 00:02:17 (1770 turns).

loralnil the Insei (Gnoll Transmuter)               Turns: 1770, Time: 00:02:18

Health: -2/34      AC:  2    Str: 13    XL:     4   Next: 25%
Magic:  8/11       EV: 23    Int: 16    God:
Gold:   116        SH:  0    Dex: 20    Spells: 7/13 levels left

rFire    x . .     SeeInvis .     - Unarmed
rCold    + . .     Faith    .   (shield currently unavailable)
rNeg     + . .     Spirit   .   (armour currently unavailable)
rPois    x         Reflect  .   (helmet currently unavailable)
rElec    .         Harm     .   (cloak currently unavailable)
rCorr    .         Rampage  .   (gloves currently unavailable)
Will     .....                  (boots currently unavailable)
Stlth    ++........             (no amulet)
HPRegen  0.11/turn              h - ring of ice
MPRegen  0.12/turn              j - ring of positive energy (curse)

@: spider-form
A: tiny, distributed training, strong nose
a: End Transformation


You were on level 3 of the Dungeon.
You were a venomous arachnid creature.
You visited 1 branch of the dungeon, and saw 3 of its levels.

You collected 116 gold pieces.

Inventory:

Armour
 b - a scarf of resistance (melded)
 n - a cursed +0 leather armour (melded)
Jewellery
 h - a ring of ice (left front leg)
 j - a cursed ring of positive energy (right front leg)
Scrolls
 e - a scroll of remove curse {unknown}
 f - 2 scrolls of teleportation {unknown}
 i - a scroll of amnesia {unknown}
 k - a scroll of fog {unknown}
Potions
 c - 2 potions of ambrosia
 d - a potion of lignification
 g - a potion of mutation
 l - a potion of might
 m - a potion of curing


   Skills:
 + Level 2.7 Fighting
 + Level 1.1 Short Blades
 + Level 1.1 Long Blades
 + Level 1.1 Axes
 + Level 1.1 Maces & Flails
 + Level 1.1 Polearms
 + Level 1.1 Staves
 + Level 1.1 Slings
 + Level 1.1 Bows
 + Level 1.1 Crossbows
 + Level 1.1 Throwing
 + Level 1.1 Armour
 + Level 4.6 Dodging
 + Level 1.1 Stealth
 + Level 1.1 Shields
 + Level 6.6 Unarmed Combat
 + Level 5.0 Spellcasting
 + Level 0.8 Conjurations
 + Level 0.8 Hexes
 + Level 0.8 Summonings
 + Level 0.8 Necromancy
 + Level 0.8 Translocations
 + Level 3.8 Transmutations
 + Level 0.8 Fire Magic
 + Level 0.8 Ice Magic
 + Level 0.8 Air Magic
 + Level 0.8 Earth Magic
 + Level 0.8 Poison Magic
 + Level 1.2 Invocations
 + Level 1.1 Evocations


You had 7 spell levels left.
You knew the following spells:

 Your Spells              Type           Power        Failure   Level
a - Beastly Appendage     Tmut           32%          11%         1
b - Wereblood             Tmut           16%          14%         2
c - Spider Form           Tmut/Pois      5%           36%         3

Your spell library contained the following spells:

 Spells                   Type           Power        Failure   Level
 Ice Form                 Ice/Tmut       17%          71%         4
 Blade Hands              Tmut           8%           83%         5


Dungeon Overview and Level Annotations

Branches:
Dungeon (3/15)

Altars:
Sif Muna
Vehumet

Annotations:
D:3 Ijyb


Innate Abilities, Weirdness & Mutations

Your experience applies equally to all skills.
((You have very sharp teeth.))
Your uncanny sense of smell can sniff out nearby items.


Message History

The hobgoblin misses you.
You closely miss the hobgoblin. Your kick misses the hobgoblin.
You punch the hobgoblin.
You kill the hobgoblin!
Ijyb zaps a wand.
You are blasted!
Casting: Beastly Appendage (safe; 4% risk of failure)
Confirm with . or Enter, or press ? or * to list all spells.
The spell is quite dangerous to cast (22% risk of failure)!
Continue anyway?
Your horns disappear.
Your talons disappear.
You turn into a venomous arachnid creature.
Your scarf of resistance melds into your body.
Your cursed +0 leather armour melds into your body.
You feel hot and cold all over.
You barely miss Ijyb. Ijyb closely misses you.
You hit Ijyb but do no damage. Ijyb misses you.
You hit Ijyb.
Ijyb is poisoned.
Ijyb is lightly wounded.
Ijyb zaps a wand.
You are blasted!
Ouch! That really hurt!
You die...

############
#...sg......
#.#########.
#.........#
#.######..#
#.# #.<# ###
####


You could see Ijyb (very poisoned).

Vanquished Creatures
  2 adders (D:2)
  2 oozes
  2 worms (D:2)
  A dart slug (D:1)
  2 leopard geckos
  3 goblins (D:2)
  6 hobgoblins
  4 kobolds
  A quokka (D:2)
  2 ball pythons (D:1)
  4 bats
  4 frilled lizards
  4 rats
37 creatures vanquished.

Notes
Turn   | Place    | Note
-------+----------+-------------------------------------------
     0 | D:1      | loralnil the Gnoll Transmuter began the quest for the Orb.
     0 | D:1      | Reached XP level 1. HP: 17/17 MP: 6/6
   252 | D:1      | Reached XP level 2. HP: 15/23 MP: 5/7
   369 | D:1      | Learned a level 2 spell: Wereblood
   667 | D:1      | Reached XP level 3. HP: 28/28 MP: 7/9
   671 | D:1      | Learned a level 3 spell: Spider Form
   862 | D:2      | Reached skill level 5 in Spellcasting
   946 | D:2      | Reached skill level 1 in Invocations
  1020 | D:2      | Found a radiant altar of Vehumet.
  1172 | D:2      | Reached skill level 1 in Short Blades
  1172 | D:2      | Reached skill level 1 in Long Blades
  1172 | D:2      | Reached skill level 1 in Axes
  1172 | D:2      | Reached skill level 1 in Maces & Flails
  1172 | D:2      | Reached skill level 1 in Polearms
  1172 | D:2      | Reached skill level 1 in Staves
  1172 | D:2      | Reached skill level 1 in Slings
  1172 | D:2      | Reached skill level 1 in Bows
  1172 | D:2      | Reached skill level 1 in Crossbows
  1172 | D:2      | Reached skill level 1 in Throwing
  1172 | D:2      | Reached skill level 1 in Armour
  1172 | D:2      | Reached skill level 1 in Stealth
  1172 | D:2      | Reached skill level 1 in Shields
  1172 | D:2      | Reached skill level 1 in Evocations
  1305 | D:2      | Reached XP level 4. HP: 34/34 MP: 9/11
  1569 | D:2      | Found a shimmering blue altar of Sif Muna.
  1761 | D:3      | Noticed Ijyb
  1770 | D:3      | Blown up by Ijyb

Illustrated notes

Levels and vault maps discovered:
D:1:      ebering_trefoil_3fold, layout_loops_cross, minmay_pentomino_x2
D:2:      layout_loops_ring, fiery_altar_vehumet, lemuel_blue_sif_altar
D:3:      layout_basic, good_gods_temple_1, lemuel_round_altar, fedhas_altar_4,
          cheibriados_altar_2, nicolae_gozag_cash_rules_everything_around_me,
          uniq_robin, uniq_ijyb

Skill      XL: |  1  2  3 |
---------------+----------+-----
Spellcasting   | 5 |  5.0
Invocations    | 1 |  1.2
Short Blades   | 1 |  1.1
Long Blades    | 1 |  1.1
Axes           | 1 |  1.1
Maces & Flails | 1 |  1.1
Polearms       | 1 |  1.1
Staves         | 1 |  1.1
Slings         | 1 |  1.1
Bows           | 1 |  1.1
Crossbows      | 1 |  1.1
Throwing       | 1 |  1.1
Armour         | 1 |  1.1
Stealth        | 1 |  1.1
Shields        | 1 |  1.1
Evocations     | 1 |  1.1
Fighting       | |  2.7
Dodging        | |  4.6
Unarmed Combat | |  6.6
Conjurations   | |  0.8
Hexes          | |  0.8
Summonings     | |  0.8
Necromancy     | |  0.8
Translocations | |  0.8
Transmutations | |  3.8
Fire Magic     | |  0.8
Ice Magic      | |  0.8
Air Magic      | |  0.8
Earth Magic    | |  0.8
Poison Magic   | |  0.8

Action                   |  1- 3 |  4- 6 || total
-------------------------+-------+-------++-------
Melee: Unarmed           |    69 |    16 ||    85
       Kick              |     9 |     2 ||    11
       Headbutt          |     7 |     1 ||     8
       Bite              |     5 |       ||     5
       Punch             |       |     1 ||     1
 Cast: Beastly Appendage |    18 |     7 ||    25
       Spider Form       |       |     1 ||     1
  Use: Scroll            |     5 |       ||     5
 Stab: Sleeping          |     2 |     1 ||     3
Armor: Robe              |    12 |       ||    12
Dodge: Dodged            |    46 |     6 ||    52

Table legend: (Time is in decaauts)
 A = Elapsed time spent in this place.
 B = Non-inter-level travel time spent in this place.
 C = Inter-level travel time spent in this place.
 D = Time resting spent in this place.
 E = Time spent auto-exploring this place.
 F = Levels seen in this place.
 G = Mean time per level.
                   A        B        C        D        E       F      G
               +--------+--------+--------+--------+--------+-----+--------+
         Total |   1758 |   1697 |     61 |      0 |   1427 |   3 |  586.0 |
       Dungeon |   1758 |   1697 |     61 |      0 |   1427 |   3 |  586.0 |
               +--------+--------+--------+--------+--------+-----+--------+

Top non-repeatable levels by time:
     D:2: 897 daAuts
     D:1: 841 daAuts
     D:3: 20 daAuts
